cohdb
Replays
Latest Replays
All Replays
Popular Replays
Top Player Replays
Match Explorer
How It Works
Community
CoH3 Stats
Reddit
Sign in to upload your games and track your stats! →
Sign in with Steam
Match 42520255
Unlisted
Match 42520255
Overview
Messages
Build Orders
End
Royal Engineer Section
Construct Section Command Post
Infantry Section
Selects Canadian Shock Battlegroup
Dingo Light Scout Car
Selects Attacking Spirit
Infantry Section
Construct Platoon Command Post
Construct Platoon Command Post
Humber Armored Car
Selects Canadian Shock Section
Selects Incendiary Munitions
6-pounder Anti-tank Gun Team
Construct Field Infirmary
Canadian Shock Section
Selects Pyrotechnics
Infantry Training
Grenade Package
Alfonso
CamaradeOurs
0
0
Comments
sign in to comment!
No comments posted yet!